 Dungeon Crawl Stone Soup version 0.30.1-4-g462c640d31 (webtiles) character file.

Game seed: 14394795428750567233

121761 bigdave the Severer (level 16, -1/157 HPs)
             Began as a Minotaur Berserker on Aug 12, 2023.
             Was a High Priest of Trog.
             Slain by a guardian serpent (10 damage)
             ... on level 3 of the Snake Pit.
             The game lasted 01:03:04 (26108 turns).

bigdave the Severer (Minotaur Berserker)           Turns: 26108, Time: 01:03:04

Health: -1/157     AC: 26    Str: 30    XL:     16   Next: 33%
Magic:  0/15       EV: 17    Int:  7    God:    Trog [*****.]
Gold:   1135       SH:  5    Dex: 14    Spells: 15/15 levels left

rFire   + . .        v - +4 battleaxe "Ohocarij" {heavy, rF+ rC+ Str+3 Dex+3}
rCold   + . .        (shield currently unavailable)
rNeg    + . .        D - +0 pearl dragon scales
rPois   +            T - +2 hat of the Bear Spirit {Spirit, Bear, *Rage Will++}
rElec   .            F - +0 cloak
rCorr   .            h - +1 pair of gloves
SInv    +            C - +0 pair of boots "Ofeemn" {rPois Str+3 Dex-5 SInv}
Will    +++++        W - amulet of reflection Stlth
                     c - ring "Xicw" {rPois EV+5 Int+3 Slay+2}
HPRegen 1.46/turn    u - ring of willpower
MPRegen 0.14/turn

%: random rage (20%), reflection, guardian spirit
@: lethally poisoned (-1 -> -14), strong-willed, on berserk cooldown,
regenerating, slowed, constricted, very slow
A: horns 2, retaliatory headbutt
a: Renounce Religion, Berserk, Trog's Hand, Brothers in Arms


You were on level 3 of the Snake Pit.
You worshipped Trog.
Trog was extremely pleased with you.
You visited 5 branches of the dungeon, and saw 26 of its levels.

You collected 2380 gold pieces.
You spent 1245 gold pieces at shops.

Inventory:

Hand Weapons
 v - the +4 battleaxe "Ohocarij" (weapon) {heavy, rF+ rC+ Str+3 Dex+3}
   (Trog gifted it to you on level 1 of the Orcish Mines)

   Str:       It affects your strength (+3).
   Dex:       It affects your dexterity (+3).
   rF:        It protects you from fire.
   rC:        It protects you from cold.
 R - a +9 battleaxe of flaming
Missiles
 g - a throwing net (quivered)
Armour
 h - a +1 pair of gloves (worn)
 C - the +0 pair of boots "Ofeemn" (worn) {rPois Str+3 Dex-5 SInv}
   (You found it on level 5 of the Dungeon)

   Str:       It affects your strength (+3).
   Dex:       It affects your dexterity (-5).
   rPois:     It protects you from poison.
   SInv:      It lets you see invisible.
 D - +0 pearl dragon scales (worn)
 F - a +0 cloak (worn)
 T - the +2 hat of the Bear Spirit (worn) {Spirit, Bear, *Rage Will++}
   (You bought it in a shop on level 4 of the Dungeon)

   Bear:      Going berserk makes the wearer exceptionally tough, and they are
   slowed for a shorter time afterward.
   *Rage:     It berserks you when you make melee attacks (+20% chance).
   Will:      It greatly increases your willpower.
Jewellery
 c - the ring "Xicw" (left hand) {rPois EV+5 Int+3 Slay+2}
   (You bought it in a shop on level 13 of the Dungeon)

   [ring of evasion]

   EV:        It affects your evasion (+5).
   Int:       It affects your intelligence (+3).
   Slay:      It affects your accuracy & damage with ranged weapons and melee
   (+2).
   rPois:     It protects you from poison.
 k - an amulet of guardian spirit
 m - a +6 ring of dexterity
 o - a ring of flight
 p - an amulet of magic regeneration
 q - a +4 ring of protection
 u - a ring of willpower (right hand)
 E - a ring of protection from fire
 M - a ring of resist corrosion
 N - an amulet of regeneration
 O - a +4 ring of protection
 P - a ring of positive energy
 U - a ring of see invisible
 W - an amulet of reflection (around neck)
Wands
 j - a wand of mindburst (15)
 y - a wand of flame (23)
 K - a wand of roots (35)
 Q - a wand of polymorph (21)
 S - a wand of paralysis (8)
 V - a wand of light (14)
Scrolls
 n - 9 scrolls of identify
 r - 8 scrolls of poison
 w - 6 scrolls of blinking
 A - a scroll of fog
 G - 6 scrolls of teleportation
 H - 5 scrolls of enchant armour
 I - 6 scrolls of fear
Potions
 d - a potion of haste
 e - 4 potions of flight
 f - 5 potions of heal wounds
 l - 3 potions of might
 s - 2 potions of resistance
 t - 2 potions of invisibility
 x - 4 potions of cancellation {unknown}
 z - a potion of berserk rage {unknown}
 B - 11 potions of curing
 J - 3 potions of lignification
 L - 2 potions of attraction {unknown}
 Y - 3 potions of magic {unknown}
 Z - 4 potions of ambrosia


   Skills:
 + Level 17.9 Fighting
 - Level 20.0 Axes
 + Level 17.6 Armour
 - Level 10.0 Dodging
 + Level 9.7 Evocations


You had 15 spell levels left.
You didn't know any spells.
Your spell library was empty.

Dungeon Overview and Level Annotations

Branches:
Dungeon (15/15)            Temple (0/1) D:6            Lair (5/5) D:9
 Shoals (0/4) Lair:3        Snake (3/4) Lair:2        Slime (0/5) Lair:4
    Orc (2/2) D:11            Elf (1/3) Orc:2        Vaults (0/5) D:14
 Depths (0/4) D:15

Altars:
Dithmenos
Elyvilon
Fedhas
Makhleb
Nemelex Xobeh
Okawaru
Qazlal
Ru
Sif Muna
Uskayaw
Wu Jian
Yredelemnul
Zin
The Shining One
Jiyva

Shops:
D:1 !**?   D:3 *(   D:4 [[**   D:8 ?   D:9 [   D:13 =   Orc:2 *((=   Snake:1 :

Annotations:
D:6 3 runed translucent doors, YordlordTheGreat's ghost, amateur DrTm
D:11 1 runed translucent door, Peloso's ghost, journeyman MiFi
D:15 7 runed translucent doors, Qeag's ghost, journeyman OpVM; Ytuir's ghost, adept KoGl
Orc:2 2 transporters, destino's ghost, journeyman DsFE


Innate Abilities, Weirdness & Mutations

You have a pair of horns on your head.
You reflexively headbutt those who attack you in melee.


Message History

You slash the nagaraja!
You feel very sick. The guardian serpent hits you!
* * * LOW HITPOINT WARNING * * *
The guardian serpent hits you but does no damage.
The nagaraja completely misses you. The nagaraja grabs you.
The nagaraja constricts you.
The guardian serpent closely misses you. x2
The nagaraja barely misses you.
The nagaraja hits you but does no damage.
The nagaraja constricts you.
You barely miss the nagaraja. Your headbutt misses the nagaraja.
The nagaraja is heavily wounded.
You completely miss the guardian serpent.
You barely miss the nagaraja. You miss the guardian serpent.
You feel very sick. The guardian serpent hits you.
The guardian serpent hits you!
* * * LOW HITPOINT WARNING * * *
The nagaraja closely misses you. You furiously retaliate!
You headbutt the nagaraja. The nagaraja constricts you.
The nagaraja gestures at you while chanting.
The poison arrow hits you.
You are more poisoned.
You partially resist.
* * * LOW HITPOINT WARNING * * *
The guardian serpent hits you but does no damage.
The guardian serpent hits you.
* * * LOW HITPOINT WARNING * * *
The nagaraja spits poison at you.
The splash of poison hits you but does no damage.
You resist. The nagaraja constricts you.
* * * LOW HITPOINT WARNING * * *
The nagaraja casts a spell at you. The poison arrow hits you!
You are more poisoned.
You partially resist.
* * * LOW HITPOINT WARNING * * *
The guardian serpent misses you. You furiously retaliate!
You headbutt the guardian serpent. The guardian serpent hits you!
You die...

.####...##.###...#####
........##...#...##
....#.............#
........###.......#
....#....###......#
..###.............#
#...####...#..# ##.N.#
######... #N@S.# ###
#S#### #.# #)†# #..##
...# #... ..... .....


You could see 2 nagarajas and 2 guardian serpents.

Vanquished Creatures
  A nagaraja (Snake:3)
  A fire giant (D:14)
  Aizul (Snake:3)
  An orc warlord (D:14)
  5 hydras
  5 vault guards (D:14)
  An ogre mage (D:15)
  5 anacondas
  6 boulder beetles
  5 centaur warriors
  3 two-headed ogres
  2 catoblepae
  A deep troll shaman (Lair:5)
  10 naga warriors
  An orc high priest (Orc:2)
  5 death yaks
  A deep troll earth mage (D:14)
  3 tengu warriors
  3 shock serpents
  6 naga sharpshooters
  A deep elf knight (D:14)
  Sonja (Lair:5)
  A skyshark (Lair:4)
  5 skeletal warriors (D:14)
  3 naga ritualists
  A wizard (D:15)
  An orc knight (Orc:2)
  A deep elf archer (D:14)
  A lindwurm (Lair:5)
  7 mana vipers
  A harpy (shapeshifter) (D:13)
  A deep elf pyromancer (D:13)
  2 orc sorcerers
  3 ugly things (D:15)
  4 manticores
  5 salamanders
  2 merfolk sirens (Lair:3)
  13 elephants
  3 cyclopes
  23 black mambas
  4 guardian serpents
  2 torpor snails (Lair:3)
  12 cane toads
  A gargoyle (D:12)
  8 naga magi
  Psyche (D:8)
  Maggie (Lair:1)
  An unseen horror (D:13)
  A rime drake (shapeshifter) (D:14)
  3 tengu conjurers
  3 rime drakes
  A kobold demonologist (D:12)
  8 komodo dragons
  2 ice devils (Lair:5)
  7 trolls
  2 polar bears
  2 merfolk (Lair:3)
  A queen bee (D:10)
  2 hornets
  Prince Ribbit (D:5)
  26 blink frogs
  18 slime creatures
  4 dream sheep (Lair:5)
  A shadow (D:13)
  5 wraiths
  A basilisk (Lair:3)
  41 yaks
  A steam dragon (D:7)
  Menkaure (D:7)
  A warg (Orc:1)
  15 vampire mosquitoes
  3 acid dragons
  23 nagas
  11 water moccasins
  35 orc warriors
  3 black bears
  8 ogres
  20 centaurs
  9 wolves
  11 bullfrogs
  2 kobold brigands
  3 gnoll sergeants
  2 scorpions (D:5)
  4 wights (D:8)
  22 killer bees
  8 howler monkeys
  8 jellies
  4 hounds
  9 orc priests
  A sleepcap (D:5)
  4 iguanas
  18 orc wizards
  4 hell rats (Lair:2)
  9 gnolls
  4 adders
  A shadow imp (D:7)
  A white imp (D:6)
  2 ufetubi
  4 worms
  A dart slug (D:1)
  64 orcs
  6 ball pythons
  6 bats
  11 endoplasms
  A giant cockroach (D:1)
  7 goblins
  9 hobgoblins
  7 jackals
  9 kobolds
  2 quokkas (D:1)
  A frilled lizard (D:2)
  A rat (D:1)
680 creatures vanquished.

Vanquished Creatures (collateral kills)
  A frost giant (D:15)
  An orc warlord (Orc:1)
  A tengu warrior (D:15)
  An elephant (Lair:5)
  A komodo dragon (Lair:5)
  4 yaks (Lair:5)
  2 wargs (Orc:1)
  An orc priest (Orc:1)
  An orc (Orc:1)
13 creatures vanquished.

Vanquished Creatures (others)
  An orc (D:3)
1 creature vanquished.

Grand Total: 694 creatures vanquished

Notes
Turn   | Place    | Note
-------+----------+-------------------------------------------
     0 | D:1      | bigdave the Minotaur Berserker began the quest for the Orb.
     0 | D:1      | Reached XP level 1. HP: 19/19 MP: 0/0
    61 | D:1      | Found Honylum's Distillery.
   126 | D:1      | Bought a potion of heal wounds for 50 gold pieces
   195 | D:1      | Found Odamug's General Store.
   209 | D:1      | Reached skill level 4 in Axes
   265 | D:1      | Reached XP level 2. HP: 20/27 MP: 1/1
   631 | D:1      | Found Geimmy's Magic Scroll Emporium.
   707 | D:1      | Found Vasetz's General Store.
   733 | D:1      | Reached XP level 3. HP: 25/33 MP: 2/2
  1425 | D:2      | Reached ** piety under Trog
  1662 | D:2      | Reached XP level 4. HP: 40/40 MP: 3/3
  1666 | D:2      | Reached skill level 5 in Axes
  1910 | D:3      | Found Buppo's General Store.
  2000 | D:3      | Found Docluh's Antique Weapon Shoppe.
  2028 | D:3      | Reached XP level 5. HP: 23/47 MP: 4/4
  3129 | D:4      | Found a stormy altar of Qazlal.
  3194 | D:4      | Found Afepseva's Armour Emporium.
  3197 | D:4      | Found Gelount's Assorted Antiques.
  3199 | D:4      | Found Ytoyle's General Store.
  3527 | D:4      | Found Eurybarus's Dragon-Slaying Spoils.
  3618 | D:4      | Found a blossoming altar of Fedhas.
  3670 | D:4      | Found a glowing silver altar of Zin.
  3684 | D:4      | Found an ornate altar of the Wu Jian Council.
  3798 | D:4      | Found a shadowy altar of Dithmenos.
  3839 | D:4      | Noticed an orc warrior
  3861 | D:4      | Killed an orc warrior
  3862 | D:4      | Reached skill level 5 in Fighting
  3862 | D:4      | Reached skill level 6 in Axes
  3862 | D:4      | Reached XP level 6. HP: 56/56 MP: 5/5
  3919 | D:4      | Reached *** piety under Trog
  4083 | D:5      | Entered Level 5 of the Dungeon
  4133 | D:5      | Noticed a +0 hand axe
  4135 | D:5      | Found a hide-covered altar of Uskayaw.
  4135 | D:5      | Noticed a +0 dagger
  4314 | D:5      | Reached skill level 7 in Axes
  4324 | D:5      | Reached skill level 5 in Armour
  4412 | D:5      | Reached XP level 7. HP: 62/62 MP: 6/6
  4834 | D:5      | Identified the +0 pair of boots "Ofeemn" {rPois Str+3 Dex-5
                  | SInv}
  4943 | D:5      | Noticed Prince Ribbit
  4943 | D:5      | Noticed a yak
  4943 | D:5      | Noticed a yak
  4943 | D:5      | Noticed a yak
  4943 | D:5      | Noticed a yak
  4943 | D:5      | Noticed a yak
  4946 | D:5      | Killed a yak
  4947 | D:5      | Reached skill level 8 in Axes
  4947 | D:5      | Killed a yak
  4950 | D:5      | Killed a yak
  4951 | D:5      | Reached XP level 8. HP: 71/71 MP: 7/7
  4955 | D:5      | Reached skill level 9 in Axes
  4979 | D:5      | Killed Prince Ribbit
  5116 | D:6      | Reached skill level 10 in Axes
  5330 | D:6      | Found a white marble altar of Elyvilon.
  5471 | D:6      | Reached XP level 9. HP: 68/81 MP: 8/8
  5542 | D:6      | Found a staircase to the Ecumenical Temple.
  5785 | D:6      | Found a runed translucent gate.
  5785 | D:6      | Found a runed translucent gate.
  5786 | D:6      | Found a runed translucent gate.
  5786 | D:6      | Noticed YordlordTheGreat's ghost (amateur DrTm)
  6078 | D:7      | Reached skill level 11 in Axes
  6285 | D:7      | Noticed Menkaure
  6293 | D:7      | Killed Menkaure
  6427 | D:7      | Found a burning altar of Makhleb.
  6641 | D:7      | Found a glowing golden altar of the Shining One.
  6693 | D:7      | Found a basalt altar of Yredelemnul.
  6865 | D:7      | Found a shimmering blue altar of Sif Muna.
  7061 | D:7      | Reached **** piety under Trog
  7340 | D:7      | Noticed a boulder beetle
  7569 | D:8      | Noticed Psyche
  7584 | D:8      | Killed Psyche
  7585 | D:8      | Reached skill level 12 in Axes
  7613 | D:8      | Found a sparkling altar of Nemelex Xobeh.
  7869 | D:8      | Reached XP level 10. HP: 91/91 MP: 9/9
  8011 | D:8      | Found Xomyjoir's Magic Scroll Shoppe.
  8552 | D:4      | Bought the +2 hat of the Bear Spirit {Spirit, Bear, *Rage
                  | Will++} for 453 gold pieces
  8552 | D:4      | Found the +2 hat of the Bear Spirit {Spirit, Bear, *Rage
                  | Will++}
  8757 | D:9      | Reached skill level 13 in Axes
  8807 | D:9      | Found a staircase to the Lair.
  8810 | D:9      | Noticed an elephant
  8818 | D:9      | Killed an elephant
  8822 | D:9      | Reached skill level 10 in Fighting
  8939 | D:9      | Noticed a two-headed ogre
  8944 | D:9      | Killed a two-headed ogre
  8991 | D:9      | Noticed a manticore
  9000 | D:9      | Killed a manticore
  9014 | D:9      | Reached skill level 10 in Armour
  9083 | D:9      | Reached skill level 14 in Axes
  9453 | D:9      | Found Miotsint's Superior Scales.
  9704 | D:10     | Entered Level 10 of the Dungeon
  9891 | D:10     | Found an iron altar of Okawaru.
 10034 | D:10     | Noticed a cyclops
 10043 | D:10     | Killed a cyclops
 10044 | D:10     | Reached XP level 11. HP: 101/101 MP: 8/10
 10149 | D:10     | Reached ***** piety under Trog
 10507 | D:11     | Noticed Peloso's ghost (journeyman MiFi)
 10514 | D:11     | Found a runed translucent door.
 10550 | D:11     | Found a staircase to the Orcish Mines.
 10617 | D:11     | Reached skill level 15 in Axes
 10647 | D:11     | Reached skill level 5 in Dodging
 11403 | Lair:1   | Entered Level 1 of the Lair of Beasts
 12243 | Lair:1   | Reached skill level 16 in Axes
 12282 | Lair:1   | Noticed Maggie
 12292 | Lair:1   | Killed Maggie
 12429 | Lair:2   | Reached XP level 12. HP: 106/112 MP: 9/11
 12522 | Lair:2   | Found a staircase to the Snake Pit.
 12719 | Lair:2   | Noticed a catoblepas
 12730 | Lair:2   | Killed a catoblepas
 13451 | Lair:3   | Reached skill level 17 in Axes
 13900 | Lair:3   | Noticed a death yak
 13908 | Lair:3   | Killed a death yak
 14184 | Lair:3   | Found a staircase to the Shoals.
 14468 | Lair:4   | Found a viscous altar of Jiyva.
 14469 | Lair:4   | Found a staircase to the Slime Pits.
 14825 | Lair:4   | Received a gift from Trog
 14988 | Lair:4   | Reached XP level 13. HP: 122/122 MP: 12/12
 15208 | Lair:4   | Reached skill level 18 in Axes
 15493 | Lair:5   | Entered Level 5 of the Lair of Beasts
 15522 | Lair:5   | Found a hide-covered altar of Uskayaw.
 15522 | Lair:5   | Found an ornate altar of the Wu Jian Council.
 15670 | Lair:5   | Reached skill level 1 in Evocations
 15776 | Lair:5   | Noticed Sonja
 16090 | Lair:5   | Killed Sonja
 16629 | Lair:5   | Reached skill level 19 in Axes
 17519 | Orc:1    | Entered Level 1 of the Orcish Mines
 17519 | Orc:1    | Noticed an orc warlord
 17525 | Orc:1    | Reached XP level 14. HP: 132/132 MP: 13/13
 17531 | Orc:1    | Killed an orc warlord
 17620 | Orc:2    | Entered Level 2 of the Orcish Mines
 17771 | Orc:2    | Found the +16 obsidian axe {drain, demonic, Mesm Drain Fly
                  | SInv}
 17772 | Orc:2    | Found a transporter.
 17776 | Orc:2    | Noticed an orc warlord
 17776 | Orc:2    | Noticed destino's ghost (journeyman DsFE)
 17789 | Orc:2    | Found a transporter.
 17820 | Orc:2    | Found a staircase to the Elven Halls.
 17830 | Elf:1    | Entered Level 1 of the Elven Halls
 17928 | Orc:1    | Identified the +4 battleaxe "Ohocarij" {heavy, rF+ rC+
                  | Str+3 Dex+3} (Trog gifted it to you on level 1 of the
                  | Orcish Mines)
 17928 | Orc:1    | Received a gift from Trog
 18319 | Orc:2    | Reached skill level 10 in Dodging
 18546 | Orc:2    | Found Miqosiz's Antique Weapon Boutique.
 18546 | Orc:2    | Found Duekhlesimm's Weapon Emporium.
 18548 | Orc:2    | Found Koaph's Jewellery Shoppe.
 18550 | Orc:2    | Found Teqadaov's General Store.
 19754 | D:13     | Found Ohomn's Jewellery Boutique.
 19768 | D:13     | Bought the ring "Xicw" {rPois EV+5 Int+3 Slay+2} for 742
                  | gold pieces
 19896 | D:13     | Reached skill level 20 in Axes
 20137 | D:13     | Received a gift from Trog
 20314 | D:13     | Reached skill level 5 in Evocations
 20466 | D:13     | Reached skill level 15 in Fighting
 20934 | D:14     | Noticed a fire giant
 20938 | D:14     | Noticed an orc warlord
 20942 | D:14     | Killed a fire giant
 20943 | D:14     | Reached skill level 15 in Armour
 20957 | D:14     | Killed an orc warlord
 21287 | D:14     | Reached XP level 15. HP: 120/141 MP: 11/14
 21323 | D:14     | Received a gift from Trog
 21338 | D:14     | Found a gate to the Vaults.
 22053 | D:15     | Entered Level 15 of the Dungeon
 22290 | D:15     | Found a runed translucent door.
 22307 | D:15     | Found a runed translucent door.
 22367 | D:15     | Found a runed translucent door.
 22386 | D:15     | Found a runed translucent door.
 22393 | D:15     | Found a runed translucent gate.
 22393 | D:15     | Found a runed translucent gate.
 22393 | D:15     | Found a runed translucent gate.
 22395 | D:15     | Noticed Ytuir's ghost (adept KoGl)
 22395 | D:15     | Noticed Qeag's ghost (journeyman OpVM)
 22605 | D:15     | Found a sacrificial altar of Ru.
 22881 | D:15     | Found a staircase to the Depths.
 22881 | D:15     | Noticed a frost giant
 22885 | D:15     | Killed a frost giant
 23316 | Snake:1  | Entered Level 1 of the Snake Pit
 23352 | Snake:1  | Found Pedinwul's Book Shoppe.
 24906 | Snake:2  | Reached XP level 16. HP: 155/155 MP: 15/15
 25145 | Snake:3  | Received a gift from Trog
 26086 | Snake:3  | Noticed Aizul
 26101 | Snake:3  | Killed Aizul
 26108 | Snake:3  | Slain by a guardian serpent

Illustrated notes

Levels and vault maps discovered:
D:1:      dpeg_arrival_tiny_g, layout_basic, serial_shops,
          nicolae_shop_rolled_up, shop, nicolae_shop_advertising_works
          [nicolae_subvault_shop_adworks], shop
D:2:      layout_loops_corners, hex_medium
D:3:      layout_basic, serial_shops, shop, shop, lemuel_flame_loot_1
D:4:      layout_gridville, mainiacjoe_overflow_boulevard,
          mainiacjoe_overflow_alcove_2, fedhas_altar_2,
          nicolae_dithmenos_the_darkroom, nicolae_wu_jian_glorious_leap,
          nicolae_shop_distant_corner_stores, nicolae_shop_dragon_depot,
          chequers_serial_rivers_micro_b, dreamdust_wishing_well
D:5:      layout_gridville, dancing_weapons_uskayaw, uniq_prince_ribbit1
D:6:      layout_rooms, elyvilon_altar_3, temple_fountains,
          gammafunk_ghost_necromancy, serial_bayou_crossing
D:7:      minmay_chambers_of_fours, layout_loops_corners, bloody_makhleb,
          lemuel_blue_sif_altar, grunt_temple_overflow_holy_war,
          kb_lookout_dungeons_type, palyth_stone_intersect, st_stairs_3,
          uniq_menkaure
D:8:      layout_basic, mainiacjoe_overflow_concentric_impassable, serial_shops,
          shop, uniq_psyche
D:9:      layout_basic, david_lair_generic, kennysheep_cross_room,
          wad_floor_pattern_2, hellmonk_scale_shop
D:10:     layout_loops_ring, kennysheep_okawaru_gauntlet, minivault_7
D:11:     layout_stronghold, orc_david_3, hellmonk_ghost_big_iron
D:12:     layout_cave_pools, minivault_24
D:13:     layout_grid_maze, serial_shops, nicolae_stop_n_shop_2,
          minmay_alternating_orb
D:14:     minmay_glassy_protrusions, layout_irregular_city,
          grunt_vaults_entry_fortified, chequers_mini_garden
D:15:     grunt_enter_depths_snipers, layout_basic, gammafunk_ghost_cemetery,
          nicolae_ru_the_path_less_chosen, minmay_statue_crystal_thing
Lair:1:   layout_gridlike, uniq_maggie
Lair:2:   layout_roguey, guppyfry_snake_entry_island
Lair:3:   layout_hall_layers, elwin_shoals_entry_stream, beast_lair_carwin_4,
          lemuel_fruit_tree
Lair:4:   layout_cave_pods, minmay_slime_entry_pillars
Lair:5:   grunt_lair_end_beastmaster, layout_loops_ring,
          portal_ice_cave_demonic_guard, nzn_masters_of_martial_movement,
          grunt_megastairs_3, uniq_sonja
Snake:1:  layout_rooms, serial_shops, nicolae_diamond_shop
Snake:2:  layout_honeycomb, st_stairs_3
Snake:3:  nicolae_aizul_guard, layout_misc_corridors,
          nicolae_snake_ghostly_warrior_ritual, grunt_megastairs_4
Orc:1:    layout_diamond_mine, serial_shops, nicolae_shop_trees
Orc:2:    st_orc_rangers, layout_diamond_mine, gammafunk_ghost_arena,
          serial_shops, bzr_entry_road, mines2_david
Elf:1:    nicolae_elf_arrival_no_cutting_in_line, layout_loops_corners,
          basic_altar, evilmike_minifort, ebering_dispersal_statue_hall

Skill      XL: |  1  2  3  4  5  6  7  8  9 10 11 12 13 14 15 |
---------------+----------------------------------------------+-----
Axes           | 4 5 6 7 8 10 12 14 16 17 19 20 | 20.0
Fighting       | 4 5 6 7 9 10 11 13 14 15 17 | 17.9
Armour         | 3 4 5 6 7 9 10 11 12 13 15 17 | 17.6
Dodging        | 4 6 8 9 10 | 10.0
Evocations     | 3 6 9 |  9.7

Action                     |  1- 3 |  4- 6 |  7- 9 | 10-12 | 13-15 | 16-18 || total
---------------------------+-------+-------+-------+-------+-------+-------++-------
  Melee: Hand axe          |    85 |   136 |     4 |       |       |       ||   225
         Headbutt          |    12 |    21 |    40 |    59 |   109 |    11 ||   252
         War axe           |       |       |   235 |    13 |       |       ||   248
         Punch             |       |       |     4 |       |       |       ||     4
         Battleaxe         |       |       |       |   354 |   521 |    66 ||   941
         Executioner's axe |       |       |       |     4 |    65 |       ||    69
 Invoke: Berserk           |     1 |     1 |     3 |     4 |     7 |     3 ||    19
         Trog's Hand       |       |       |     2 |     2 |     3 |     1 ||     8
         Brothers in Arms  |       |       |       |       |     3 |       ||     3
  Evoke: Wand              |       |       |       |       |     5 |       ||     5
    Use: Scroll            |       |     6 |       |    10 |     9 |     2 ||    27
         Potion            |       |       |       |       |     3 |       ||     3
 Armour: Ring mail         |    33 |    15 |       |       |       |       ||    48
         Animal skin       |     2 |       |       |       |       |       ||     2
         Plate armour      |       |    42 |     8 |       |       |       ||    50
         Pearl dragon scal |       |       |   133 |   180 |   411 |    51 ||   775
  Dodge: Dodged            |    47 |    38 |   139 |   182 |   635 |   101 ||  1142
  Block: Other             |       |       |       |       |   159 |    17 ||   176
         Reflection        |       |       |       |       |    53 |     5 ||    58
